 Dungeon Crawl Stone Soup version 0.23.0 (webtiles) character file.

Game seed: 16482275627445749091

9235 MisterOstroum the Blocker (level 11, -6/79 HPs)
             Began as a Gargoyle Fighter on Feb 15, 2019.
             Was a Follower of Trog.
             Mangled by a fire crab (13 damage)
             ... on level 10 of the Dungeon.
             The game lasted 01:40:52 (11282 turns).

MisterOstroum the Blocker (Gargoyle Fighter)       Turns: 11282, Time: 01:40:53

Health: -6/79      AC: 26    Str: 23    XL:     11   Next: 43%
Magic:  11/11      EV:  6    Int:  9    God:    Trog [*.....]
Gold:   756        SH: 17    Dex: 11    Spells: 10/10 levels left

rFire    . . .     SeeInvis +   o - +0 morningstar
rCold    . . .     Gourm    .   c - +5 shield
rNeg     + . .     Faith    .   q - +0 plate armour
rPois    ∞         Spirit   .   (no helmet)
rElec    +         Reflect  .   A - +0 cloak
rCorr    .         Harm     .   (no gloves)
MR       .....                  F - +0 pair of boots
Stlth    ..........             w - amulet of magic regeneration
HPRegen  0.23/turn              K - ring of see invisible
MPRegen  0.37/turn              m - ring of stealth

@: no status effects
A: icy blue scales 1, thin skeletal structure 1, negative energy resistance 1,
robust 1, electricity resistance, unbreathing, petrification resistance, rot
immunity, AC +8
a: Berserk, Renounce Religion


You were on level 10 of the Dungeon.
You worshipped Trog.
Trog was aware of your devotion.
You were hungry.

You visited 3 branches of the dungeon, and saw 12 of its levels.

You collected 1371 gold pieces.
You spent 615 gold pieces at shops.

Inventory:

Hand Weapons
 e - a +0 falchion
 o - a +0 morningstar (weapon)
 p - a +0 hunting sling
 t - a +2 whip of venom
 y - a +0 whip of electrocution
 D - a +1 scimitar of flaming
 I - a +0 scythe
 M - a +0 arbalest
 T - a +0 giant spiked club
Missiles
 l - 306 stones
 n - 42 poisoned needles (quivered)
 u - 96 bolts
Armour
 c - a +5 shield (worn)
 q - a +0 plate armour (worn)
 A - a +0 cloak (worn)
 F - a +0 pair of boots (worn)
Jewellery
 m - a ring of stealth (right hand)
 w - an amulet of magic regeneration (around neck)
 K - a ring of see invisible (left hand)
 L - an uncursed ring of fire
Wands
 d - a wand of acid (8)
 h - a wand of flame (19)
 X - a wand of random effects (12)
 Y - a wand of disintegration (12)
Scrolls
 a - 2 scrolls of fog
 v - 4 scrolls of magic mapping
 z - 2 scrolls of holy word {unknown}
 B - a scroll of teleportation
 G - 4 scrolls of identify
 O - a scroll of immolation
 P - a scroll of amnesia
Potions
 b - a potion of berserk rage {unknown}
 g - a potion of invisibility
 j - 4 potions of brilliance
 k - 4 potions of lignification
 r - a potion of magic {unknown}
 s - a potion of curing
 E - a potion of resistance {unknown}
 H - 3 potions of haste
 J - 2 potions of agility {unknown}
 U - 2 potions of ambrosia {unknown}
 V - a potion of might
Miscellaneous
 x - a phial of floods (inert)
Comestibles
 f - 16 rations


   Skills:
 * Level 9.8 Fighting
 - Level 2.0 Long Blades
 * Level 9.9 Maces & Flails
 * Level 7.9 Armour
 - Level 2.6 Stealth
 * Level 10.8 Shields


You had 10 spell levels left.
You didn't know any spells.
Your spell library contained the following spells:

 Spells                   Type           Power        Failure   Level  Hunger
 Animate Skeleton         Necr           N/A          100%        1    ##.....
 Apportation              Tloc           #.....       100%        1    ##.....
 Confusing Touch          Hex            #.....       100%        1    ##.....
 Sting                    Conj/Pois      #...         100%        1    ##.....
 Summon Small Mammal      Summ           #...         100%        1    ##.....
 Call Imp                 Summ           #.......     100%        2    ###....
 Poisonous Vapours        Pois/Air       #.....       100%        2    ###....
 Call Canine Familiar     Summ           #.......     100%        3    ####...
 Mephitic Cloud           Conj/Pois/Air  #.......     100%        3    ####...
 Summon Guardian Golem    Hex/Summ       #.......     100%        3    ####...
 Animate Dead             Necr           N/A          100%        4    #####..
 Olgreb's Toxic Radiance  Pois           #.......     100%        4    #####..
 Summon Ice Beast         Ice/Summ       #.......     100%        4    #####..
 Summon Lightning Spire   Summ/Air       #.......     100%        4    #####..
 Venom Bolt               Conj/Pois      #.........   100%        5    ######.
 Malign Gateway           Summ/Tloc      #.........   100%        7    #######
 Sublimation of Blood     Necr           Unusable     N/A         2    N/A

Dungeon Overview and Level Annotations

Branches:
Dungeon (10/15)            Temple (1/1) D:7            Lair (1/6) D:8
    Orc: D:9-12

Altars:
Ashenzari
Cheibriados
Dithmenos
Elyvilon
Fedhas
Gozag
Hepliaklqana
Kikubaaqudgha
Makhleb
Nemelex Xobeh
Okawaru
Qazlal
Ru
Sif Muna
Trog
Uskayaw
Vehumet
Wu Jian
Xom
Yredelemnul
Zin
The Shining One
Jiyva

Shops:
D:4 ?   D:6 }   D:7 %   D:8 }   D:10 :


Innate Abilities, Weirdness & Mutations

You are resistant to torment.
Your stone body is resilient. (AC +8)
You are immune to poison.
You resist negative energy. (rN+)
You are resistant to electric shocks. (rElec)
You can survive without breathing.
You are immune to petrification.
You are immune to rotting.
You are partially covered in icy blue scales. (AC +2)
You have a somewhat thin skeletal structure. (Dex +2, Stealth)
You are robust. (+10% HP)


Message History

You block the fire crab's attack.
You hit the fire crab but do no damage.
The fire crab is heavily wounded.
You block the fire crab's attack. x2; The fire crab bites you!
You are engulfed in flames!
* * * LOW HITPOINT WARNING * * *
The fire crab barely misses you.
You hit the fire crab but do no damage.
The fire crab is heavily wounded.
You block the fire crab's attack.
The fire crab claws you but does no damage.
The fire crab bites you.
* * * LOW HITPOINT WARNING * * *
You are engulfed in flames!
* * * LOW HITPOINT WARNING * * *
The fire crab claws you but does no damage.
You feel better. The fire crab bites you.
* * * LOW HITPOINT WARNING * * *
You are engulfed in flames!
You die...

#.######.# #######.# #......<.#
#. #.# #.######.# #. #.# #.# #.#
#. #.# #.# #.# #÷ #######.# #.#
#.# #. #........ #.# #.# #.
######.##
#.######.#####t########### #.#
#............#.@.....÷.')# #.#
#.#####.################.# #.#
#.# #.# #.......○°# #.# #.# #.#
#......○○## #.# #.# #.#
#.....○○○# #.# #.# #.#
#........# #.# #.# #.#
#........# #.#
#.#####.########........#####.##
#..)............................


You could see a fire crab (berserk).

Vanquished Creatures
  A two-headed ogre (D:9)
  The ghost of iano21 the Slinger, a novice HaHu of Trog (D:8)
  A fire crab (D:10)
  Pikel (D:5)
  A centaur zombie (D:5)
  A spiny frog (Lair:1)
  A troll (D:9)
  A hippogriff (D:10)
  3 slime creatures
  Sigmund (D:2)
  8 yaks
  Eustachio (D:8)
  A water moccasin (Lair:1)
  2 sky beasts
  4 phantoms
  2 orc warriors (D:8)
  5 ice beasts
  A necrophage (D:7)
  5 ogres
  2 centaurs
  A crocodile (D:10)
  Blork the orc (D:5)
  5 bullfrogs
  A scorpion (D:7)
  3 killer bees
  3 wights (D:8)
  2 howler monkeys (D:9)
  4 crimson imps
  A bullfrog zombie (D:7)
  A quasit (D:6)
  4 hounds
  6 jellies
  3 orc priests
  A centaur skeleton (D:5)
  6 orc wizards
  Ijyb (D:5)
  2 iguanas
  5 worker ants (D:4)
  2 hound zombies (D:6)
  2 gnolls (D:1)
  5 adders
  3 shadow imps
  3 oozes
  An adder zombie (D:5)
  5 worms
  A dart slug (D:3)
  5 leopard geckos
  35 orcs
  A ball python (D:1)
  4 giant cockroaches
  3 hobgoblins
  8 jackals
  3 quokkas
  4 bats (D:1)
  5 frilled lizards
  4 goblins
  A jackal skeleton (D:6)
  9 kobolds
  6 rats (D:1)
  A fungus (D:7)
204 creatures vanquished.

Vanquished Creatures (others)
  Menkaure (D:5)
  A slave (D:5)
  A howler monkey (D:5)
  A jelly (D:5)
  A bullfrog skeleton (D:5)
  An adder (D:8)
  An orc (D:5)
  4 plants
11 creatures vanquished.

Grand Total: 215 creatures vanquished

Notes
Turn   | Place    | Note
-------+----------+-------------------------------------------
     0 | D:1      | MisterOstroum the Gargoyle Fighter began the quest for the
                  | Orb.
     0 | D:1      | Reached XP level 1. HP: 14/14 MP: 1/1
    58 | D:1      | Reached XP level 2. HP: 19/19 MP: 2/2
   248 | D:1      | Reached XP level 3. HP: 24/24 MP: 3/3
   414 | D:1      | Reached skill level 4 in Shields
   900 | D:2      | Noticed Sigmund
   913 | D:2      | Killed Sigmund
   913 | D:2      | Reached XP level 4. HP: 21/29 MP: 4/4
   913 | D:2      | Reached XP level 5. HP: 24/33 MP: 5/5
   958 | D:2      | Gained mutation: Scrolls take you a little longer to read.
                  | [potion of mutation]
   958 | D:2      | Gained mutation: You are partially covered in icy blue
                  | scales. (AC +2) [potion of mutation]
   958 | D:2      | Gained mutation: Your muscles are strong. (Str +2) [potion
                  | of mutation]
   978 | D:2      | Found a shattered altar of Ashenzari.
  1322 | D:3      | Reached XP level 6. HP: 38/38 MP: 6/6
  1402 | D:3      | Found a faded altar of an unknown god.
  1410 | D:3      | Became a worshipper of Gozag Ym Sagoz the Greedy
  1713 | D:3      | Reached skill level 5 in Shields
  2331 | D:4      | Reached skill level 5 in Maces & Flails
  2332 | D:4      | Noticed a phantom
  2337 | D:4      | Reached XP level 7. HP: 43/43 MP: 7/7
  2449 | D:4      | Reached skill level 6 in Shields
  2467 | D:4      | Found Udemp's Magic Scroll Shop.
  2472 | D:4      | Bought 3 scrolls of enchant armour for 315 gold pieces
  2856 | D:4      | Found a radiant altar of Vehumet.
  2933 | D:4      | Found a sparkling altar of Nemelex Xobeh.
  3281 | D:5      | Entered Level 5 of the Dungeon
  3306 | D:5      | Noticed Pikel
  3320 | D:5      | Killed Pikel
  3320 | D:5      | Reached skill level 5 in Fighting
  3320 | D:5      | Reached skill level 7 in Shields
  3320 | D:5      | Reached XP level 8. HP: 44/51 MP: 8/8
  3351 | D:5      | Noticed Ijyb
  3359 | D:5      | Killed Ijyb
  3370 | D:5      | Reached skill level 5 in Armour
  3370 | D:5      | Reached XP level 9. HP: 22/56 MP: 9/9
  3688 | D:5      | Killed Menkaure
  3969 | D:5      | Noticed Blork the orc
  3977 | D:5      | Killed Blork the orc
  4856 | D:6      | Found Baloigh's Gadget Boutique.
  5078 | D:6      | Reached skill level 8 in Shields
  5770 | D:6      | Found a snail-covered altar of Cheibriados.
  6251 | D:7      | Found Igaw Sajad's Food Shop.
  6360 | D:7      | Reached XP level 10. HP: 64/64 MP: 10/10
  6386 | D:7      | Reached skill level 9 in Shields
  6439 | D:7      | Found a staircase to the Ecumenical Temple.
  6448 | Temple   | Entered the Ecumenical Temple
  6687 | D:7      | Found a sacrificial altar of Ru.
  6793 | Temple   | Fell from the grace of Gozag
  6793 | Temple   | Became a worshipper of Trog the Wrathful
  7100 | D:8      | Found a stormy altar of Qazlal.
  7133 | D:8      | Found Cuddagav's Gadget Shoppe.
  7153 | D:8      | Bought a wand of random effects (14) for 96 gold pieces
  7153 | D:8      | Bought a wand of disintegration (13) for 204 gold pieces
  7221 | D:8      | Found a staircase to the Lair.
  7248 | Lair:1   | Entered Level 1 of the Lair of Beasts
  7249 | Lair:1   | Noticed a spiny frog
  7270 | Lair:1   | Killed a spiny frog
  7442 | D:8      | Noticed Eustachio
  7538 | D:8      | Killed Eustachio
  7779 | D:8      | Found an ornate altar of the Wu Jian Council.
  7838 | D:8      | Found a runed translucent gate.
  7839 | D:8      | Found a runed translucent gate.
  7839 | D:8      | Found a runed translucent gate.
  7839 | D:8      | Noticed iano21's ghost (novice HaHu)
  7862 | D:8      | Found a viscous altar of Jiyva.
  7979 | D:8      | Killed iano21's ghost
  8659 | D:8      | Reached skill level 10 in Shields
  9370 | D:9      | Lost mutation: Your muscles are strong. (Str +2) [potion of
                  | mutation]
  9370 | D:9      | Lost mutation: Scrolls take you a little longer to read.
                  | [potion of mutation]
  9370 | D:9      | Gained mutation: You are robust. (+10% HP) [potion of
                  | mutation]
  9370 | D:9      | Gained mutation: You have a somewhat thin skeletal
                  | structure. (Dex +2, Stealth) [potion of mutation]
  9390 | D:9      | Identified Firoxukh's Papyrus of Supportive Black Arts
  9520 | D:9      | Reached * piety under Trog
  9607 | D:9      | Reached skill level 1 in Stealth
  9611 | D:9      | Reached XP level 11. HP: 78/78 MP: 11/11
  9676 | D:9      | Noticed a two-headed ogre
  9718 | D:9      | Killed a two-headed ogre
  9718 | D:9      | Reached skill level 1 in Long Blades
  9996 | D:9      | Found a blossoming altar of Fedhas.
  9998 | D:9      | Found an ancient bone altar of Kikubaaqudgha.
 10035 | D:10     | Entered Level 10 of the Dungeon
 10397 | D:10     | Found Receahol's Book Emporium.
 11072 | D:10     | Found a runed translucent door.
 11073 | D:10     | Noticed a fire crab
 11083 | D:10     | Killed a fire crab
 11277 | D:10     | Noticed a fire crab
 11281 | D:10     | HP: 1/79 [fire crab (11)]
 11282 | D:10     | Mangled by a fire crab

Skill      XL: |  1  2  3  4  5  6  7  8  9 10 11 |
---------------+----------------------------------+-----
Shields        | 4 5 7 8 10 | 10.8
Fighting       | 4 5 6 7 9 |  9.8
Maces & Flails | 4 5 6 7 8 9 |  9.9
Armour         | 4 5 6 7 |  7.9
Stealth        | 1 2 |  2.6
Long Blades    | 2 |  2.0

Action                   |  1- 3 |  4- 6 |  7- 9 | 10-12 || total
-------------------------+-------+-------+-------+-------++-------
Melee: Flail             |   100 |    48 |   134 |       ||   282
       Whip              |       |    80 |   237 |   132 ||   449
       Morningstar       |       |       |       |   234 ||   234
       Scimitar          |       |       |       |   156 ||   156
Invok: Potion Petition   |       |     1 |       |       ||     1
       Berserk           |       |       |       |     3 ||     3
Evoke: Wand              |       |       |       |     3 ||     3
       Phial of floods   |       |       |       |     1 ||     1
  Use: Scroll            |       |     7 |    14 |     7 ||    28
       Potion            |       |     1 |     1 |    11 ||    13
 Stab: Distracted        |       |       |     1 |       ||     1
  Eat: Chunk             |       |     1 |       |     5 ||     6
       Ration            |       |     1 |     4 |     4 ||     9
Armor: Scale mail        |    40 |       |       |       ||    40
       Chain mail        |    26 |    43 |   109 |    15 ||   193
       Animal skin       |       |       |    33 |     5 ||    38
       Plate armour      |       |       |       |   257 ||   257
Dodge: Dodged            |    41 |    17 |    69 |    99 ||   226
Block: Shield            |    55 |    57 |   235 |   515 ||   862
       Rpst.: Scimitar   |       |       |       |    19 ||    19
